Map: Proxima Station LE

Players

aLive - Winner!

  • Race: Terran Terran
  • Spawn Location: 7:00

Neeb

  • Race: Protoss Protoss
  • Spawn Location: 1:00

Event: IEM XI Katowice - World Championship 2017

VOD

Have the link to the VOD?

Description

Time

  • Played on: March 2, 2017, 12:06 p.m.
  • Length: 13:08

All games in this series

Show
View Real Time Build Order
Export as new Build Order

aLive Terran - Winner!

Build Orders: Liberator Opening, Reaper Expand, MMM Bio 

Get SALT Encoding   

  12  0:00  SCV  
  13  0:12  SCV  
  14  0:17  Supply Depot  
  14  0:24  SCV  
  14  0:28  Refinery  
  15  0:39  SCV  
  16  0:44  Barracks  
  16  0:51  SCV  
  17  1:03  SCV  
  18  1:15  SCV  
  19  1:30  Orbital Command  
  19  1:31  Reaper  
  20  1:43  Command Center  
  20  1:54  Factory  
  20  1:57  SCV  
  21  2:03  Refinery  
  21  2:05  Barracks Reactor  
  21  2:09  SCV  
  22  2:16  Supply Depot  
  22  2:22  SCV  
  23  2:37  SCV  
  23  2:41  Widow Mine, Starport  
  23  2:42  Marine x2  
  28  2:50  SCV  
  28  2:55  Orbital Command  
  28  3:03  Marine x2, SCV  
  34  3:15  SCV  
  34  3:18  Medivac  
  34  3:19  Cyclone  
  37  3:21  SCV  
  37  3:23  Marine  
  37  3:26  Marine  
  40  3:29  SCV  
  40  3:33  SCV  
  42  3:35  Supply Depot  
  42  3:42  SCV  
  42  3:43  Barracks  
  42  3:45  Marine  
  42  3:46  SCV  
  42  3:48  Liberator  
  46  3:57  SCV  
  46  3:58  SCV  
  48  4:05  Factory Tech Lab  
  48  4:07  Supply Depot  
  50  4:10  Engineering Bay  
  50  4:11  SCV x2  
  50  4:15  Barracks  
  52  4:21  Supply Depot  
  52  4:23  SCV x2  
  54  4:28  Marine x2  
  56  4:37  SCV x2  
  58  4:42  Terran Infantry Weapons Level 1, Factory Reactor  
  56  4:45  Marine  
  56  4:46  Stimpack  
  56  4:47  Refinery  
  56  4:49  SCV x2  
  57  4:55  Starport Reactor  
  53  5:01  SCV x2  
  53  5:02  Marine x2, Supply Depot  
  56  5:07  Barracks Tech Lab  
  56  5:08  Marauder  
  56  5:13  Refinery, SCV x2  
  59  5:19  Supply Depot  
  63  5:22  Marine x2  
  63  5:26  Combat Shields  
  67  5:30  Supply Depot  
  67  5:32  Marine x2  
  67  5:34  Medivac  
  65  5:36  Medivac  
  67  5:43  Marine x2  
  67  5:44  Widow Mine x2  
  67  5:47  SCV x2  
  75  5:50  Marauder x2  
  79  6:09  Marine x2, Barracks  
  79  6:11  Marine x2, Command Center  
  81  6:14  Barracks  
  81  6:17  Widow Mine x2  
  81  6:18  Medivac x2  
  91  6:24  Supply Depot x2  
  91  6:26  SCV x2  
  93  6:33  Marine  
  93  6:34  Marine  
  94  6:45  Liberator x2, Marine x2  
  96  6:47  Concussive Shells, SCV x2  
  98  7:00  Barracks Tech Lab  
  98  7:01  Marine, Marauder, Barracks Reactor  
  98  7:02  Widow Mine  
  98  7:03  Marine, Widow Mine  
  109  7:13  SCV  
  110  7:16  Terran Infantry Armor Level 1  
  110  7:18  Supply Depot  
  110  7:19  Supply Depot, Marauder, SCV  
  110  7:22  Missile Turret  
  113  7:26  SCV  
  113  7:28  Marine x2  
  113  7:29  Marauder  
  118  7:36  Marauder, SCV  
  119  7:37  Orbital Command  
  119  7:38  SCV  
  119  7:40  Marauder  
  119  7:42  Marine x2  
  119  7:43  Widow Mine x2  
  126  7:48  SCV  
  121  7:52  SCV  
  121  7:57  Marine x2  
  121  7:58  Medivac x2  
  128  8:00  SCV  
  128  8:02  Supply Depot  
  128  8:04  Supply Depot  
  129  8:06  Marine x2  
  129  8:09  SCV  
  129  8:11  Widow Mine x2  
  131  8:24  Marine x2  
  131  8:25  Marine x2  
  133  8:27  Marauder x3  
  133  8:28  Medivac x2  
  133  8:30  Armory, Engineering Bay  
  141  8:41  SCV x2  
  137  8:46  Marine  
  137  8:47  Marine x3  
  143  8:48  Marauder, SCV  
  143  8:49  Marauder x2  
  143  8:53  SCV x2  
  143  8:55  Barracks x2  
  149  8:58  Supply Depot  
  145  9:08  Refinery  
  145  9:11  Refinery  
  137  9:18  Marine x4  
  137  9:19  Marauder  
  137  9:20  Marauder x2  
  142  9:37  Marine x4  
  142  9:38  Viking x2  
  142  9:40  Terran Infantry Weapons Level 2, Terran Infantry Armor Level 2  
  142  9:41  Terran Ship Weapons Level 1  
  142  9:43  Supply Depot  
  142  9:44  Barracks Tech Lab, Barracks Reactor  
  142  9:45  Starport  
  142  9:47  Supply Depot  
  142  9:51  Supply Depot, Marauder  
  142  9:52  Marauder x2  
  148  10:04  Marine x4  
  152  10:09  Command Center  
  152  10:10  Marauder  
  152  10:12  Viking x2  
  152  10:13  Marauder x2  
  162  10:15  Supply Depot  
  159  10:22  Viking x2, Barracks  
  159  10:23  Marine x3  
  166  10:44  Marine x6  
  166  10:46  Marauder x3  
  166  10:47  Viking x2, Marauder  
  184  11:03  Ghost Academy  
  184  11:04  Marine x5  
  185  11:05  Marine, Viking x2  
  192  11:12  Barracks Tech Lab  
  192  11:19  Viking x2  
  195  11:58  Ghost x2  
  195  12:01  Planetary Fortress  
  199  12:03  Missile Turret  
  199  12:04  Barracks x2  
  190  12:34  Ghost x2  
  190  12:35  Marine, Ghost  
  190  12:36  Marine x4, Marauder x2  
Show
View Real Time Build Order
Export as new Build Order

Neeb Protoss 

Build Orders: 1 Gate Expand, Oracle Opening 

Get SALT Encoding   

  12  0:00  Probe (Chrono Boost)  
  13  0:11  Probe (Chrono Boost)  
  14  0:17  Pylon  
  14  0:22  Probe (Chrono Boost)  
  15  0:35  Probe (Chrono Boost)  
  16  0:36  Gateway  
  16  0:44  Assimilator  
  16  0:45  Probe (Chrono Boost)  
  17  0:56  Probe (Chrono Boost)  
  18  1:06  Probe (Chrono Boost)  
  19  1:20  Nexus  
  19  1:23  Probe (Chrono Boost)  
  20  1:32  Cybernetics Core  
  20  1:36  Probe (Chrono Boost)  
  21  1:41  Assimilator  
  21  1:46  Probe (Chrono Boost)  
  22  1:51  Pylon  
  22  1:57  Probe (Chrono Boost)  
  23  2:10  Mothership Core (Chrono Boost)  
  23  2:11  Adept  
  27  2:20  Warp Gate  
  27  2:28  Probe (Chrono Boost)  
  28  2:33  Probe (Chrono Boost)  
  29  2:38  Adept  
  29  2:39  Probe (Chrono Boost)  
  29  2:43  Probe (Chrono Boost)  
  32  2:49  Probe (Chrono Boost)  
  33  2:54  Stargate, Probe (Chrono Boost)  
  34  3:00  Probe (Chrono Boost)  
  34  3:04  Probe (Chrono Boost)  
  36  3:10  Probe (Chrono Boost)  
  37  3:15  Probe (Chrono Boost)  
  37  3:18  Gateway  
  37  3:19  Gateway  
  38  3:21  Probe (Chrono Boost)  
  38  3:25  Probe (Chrono Boost)  
  40  3:32  Oracle, Probe (Chrono Boost)  
  41  3:34  Pylon  
  41  3:36  Probe (Chrono Boost)  
  45  3:44  Probe (Chrono Boost)  
  46  3:52  Probe (Chrono Boost)  
  46  3:54  Pylon  
  48  3:56  Probe (Chrono Boost)  
  48  4:03  Nexus, Probe (Chrono Boost)  
  48  4:07  Assimilator, Phoenix  
  48  4:08  Probe (Chrono Boost)  
  50  4:13  Probe (Chrono Boost)  
  50  4:16  Pylon  
  53  4:21  Probe (Chrono Boost)  
  55  4:24  Probe (Chrono Boost)  
  55  4:25  Stalker  
  55  4:31  Stalker  
  59  4:39  Probe (Chrono Boost)  
  59  4:40  Phoenix, Probe (Chrono Boost)  
  62  4:54  Probe (Chrono Boost)  
  62  4:55  Probe (Chrono Boost)  
  62  4:59  Assimilator  
  64  5:02  Robotics Facility  
  64  5:04  Pylon  
  64  5:05  Probe (Chrono Boost)  
  65  5:09  Probe (Chrono Boost)  
  65  5:13  Pylon  
  66  5:15  Probe (Chrono Boost), Sentry  
  66  5:16  Probe (Chrono Boost)  
  66  5:19  Twilight Council  
  66  5:20  Probe (Chrono Boost)  
  71  5:22  Forge  
  71  5:26  Probe (Chrono Boost)  
  71  5:27  Probe (Chrono Boost)  
  73  5:30  Probe (Chrono Boost)  
  74  5:36  Probe (Chrono Boost)  
  74  5:37  Pylon, Probe (Chrono Boost)  
  74  5:39  Sentry  
  74  5:41  Probe (Chrono Boost)  
  79  5:43  Blink  
  79  5:44  Protoss Ground Weapons Level 1  
  79  5:47  Probe (Chrono Boost)  
  79  5:48  Probe (Chrono Boost)  
  81  5:53  Probe (Chrono Boost)  
  82  5:57  Observer  
  82  5:58  Probe x2 (Chrono Boost)  
  82  6:03  Gateway  
  85  6:04  Gateway  
  85  6:06  Gateway  
  85  6:08  Pylon  
  85  6:09  Assimilator x2  
  85  6:15  Probe x3 (Chrono Boost)  
  85  6:16  Observer  
  88  6:23  Stalker x3  
  88  6:24  Pylon  
  95  6:27  Pylon  
  95  6:28  Pylon  
  95  6:29  Probe (Chrono Boost)  
  95  6:30  Probe x2 (Chrono Boost)  
  98  6:36  Observer  
  99  6:42  Pylon  
  99  6:43  Pylon  
  100  6:47  Pylon  
  100  6:49  Pylon, Stalker  
  100  6:50  Adept x2  
  105  7:07  Pylon  
  99  7:16  Probe x2 (Chrono Boost), Immortal  
  99  7:17  Probe (Chrono Boost)  
  99  7:22  Robotics Bay  
  103  7:27  Protoss Ground Armor Level 1  
  103  7:28  Probe x2 (Chrono Boost)  
  103  7:29  Probe (Chrono Boost)  
  106  7:38  Stalker x3  
  106  7:39  Stalker x3  
  106  7:40  Probe x2 (Chrono Boost)  
  106  7:41  Probe (Chrono Boost)  
  121  7:49  Resonating Glaives, Forge  
  121  7:56  Photon Cannon  
  123  8:03  Colossus  
  123  8:07  Stalker x3  
  123  8:08  Stalker x3  
  122  8:27  Extended Thermal Lance  
  122  8:30  Protoss Ground Weapons Level 2  
  122  8:32  Adept x2  
  122  8:33  Adept x3  
  121  8:53  Adept x5, Colossus  
  121  8:54  Adept  
  133  8:58  Probe (Chrono Boost)  
  134  9:07  Protoss Ground Armor Level 2  
  134  9:16  Probe (Chrono Boost)  
  126  9:17  Stalker x2  
  126  9:18  Adept x4, Probe (Chrono Boost)  
  138  9:30  Mothership Core (Chrono Boost)  
  136  9:40  Assimilator, Probe x2 (Chrono Boost)  
  138  9:50  Sentry x2  
  138  9:51  Stalker x4  
  150  9:54  Pylon  
  150  9:56  Colossus  
  150  9:59  Nexus  
  150  10:05  Pylon  
  150  10:06  Pylon  
  155  10:19  Adept  
  155  10:20  Adept x4  
  165  10:25  Gateway  
  165  10:27  Gateway  
  165  10:34  Photon Cannon  
  165  10:35  Stalker  
  167  10:42  Stalker x4  
  166  10:48  Disruptor  
  170  10:52  Probe x2 (Chrono Boost)  
  175  10:58  Adept x2  
  181  11:04  Probe x2 (Chrono Boost)  
  181  11:14  Assimilator  
  181  11:17  Assimilator  
  181  11:25  Probe x2 (Chrono Boost)  
  180  11:26  Disruptor  
  183  11:33  Adept  
  183  11:34  Adept x5  
  194  11:47  Robotics Facility  
  193  11:54  Adept  
  193  11:58  Pylon  
  193  12:01  Photon Cannon  
  195  12:14  Disruptor  
  195  12:21  Templar Archives  
  162  12:37  Stalker x6  
  154  12:53  Gateway  
  154  12:55  Gateway x2  
  154  12:57  Gateway  
  126  13:00  Adept  

Tags
 
Add a new tag
Caveats
  • Supply blocks, unpowered buildings, or Contaminate may cause inaccurate times.
  • Supply counts are checked every 10 seconds.